 Dungeon Crawl Stone Soup version 0.28-a0-872-g80cf8599ee (webtiles) character file.

Game seed: 826770027178302712

5380 orbtoucher the Jinx (level 10, -8/51 HPs)
             Began as a Spriggan Enchanter on Nov 20, 2021.
             Was a Believer of Dithmenos.
             Mangled by an orc knight (24 damage)
             ... in a bailey on Nov 21, 2021.
             The game lasted 00:57:52 (15827 turns).

orbtoucher the Jinx (Spriggan Enchanter)           Turns: 15827, Time: 00:57:53

Health: -8/51      AC:  7    Str:  5    XL:     10   Next: 39%
Magic:  20/20      EV: 20    Int: 20    God:    Dithmenos [**....]
Gold:   335        SH:  7    Dex: 15    Spells: 8/21 levels left

rFire   + . .      SeeInvis +   b - +0 hunting sling
rCold   + . .      Faith    .   x - +2 buckler
rNeg    . . .      Spirit   .   i - +2 robe {rC+ rF+}
rPois   .          Reflect  .   (helmet restricted)
rElec   .          Harm     .   o - +2 cloak
rCorr   .          Rampage  .   (gloves unavailable)
Will    ++...                   (boots unavailable)
Stlth   ++++++....              (no amulet)
HPRegen 0.17/turn               l - +4 ring of slaying
MPRegen 0.17/turn               n - ring of willpower

@: wreathed by umbra, very quick
A: very small, no large weapons, unfitting armour, see invisible, speed 3
a: Renounce Religion, Shadow Step


You were in a bailey.
You worshipped Dithmenos.
Dithmenos was pleased with you.
You visited 2 branches of the dungeon, and saw 11 of its levels.
You also visited: Bailey.

You collected 426 gold pieces.
You spent 91 gold pieces at shops.

Inventory:

Hand Weapons
 a - a +5 short sword of electrocution
 b - a +0 hunting sling (weapon)
 w - a +1 dagger of flaming
Missiles
 f - 253 stones (quivered ammo)
 E - 4 datura-tipped darts
 G - 8 poisoned darts
Armour
 i - a +2 robe of resistance (worn)
 o - a +2 cloak (worn)
 x - a +2 buckler (worn)
 y - +0 steam dragon scales
Jewellery
 l - a +4 ring of slaying (left hand)
 n - a ring of willpower (right hand)
 r - an amulet of faith
 u - a ring of ice
Wands
 m - a wand of iceblast (11)
 H - a wand of flame (8)
Scrolls
 d - a scroll of fog
 g - 2 scrolls of amnesia
 z - a scroll of torment
 A - a scroll of identify
 C - a scroll of teleportation
Potions
 c - a potion of invisibility
 e - 2 potions of flight
 h - 3 potions of brilliance
 j - a potion of might {unknown}
 k - a potion of lignification {unknown}
 p - 2 potions of curing {unknown}
 s - 2 potions of mutation {unknown}
 t - 2 potions of berserk rage
 v - a potion of cancellation {unknown}
 B - a potion of heal wounds {unknown}


   Skills:
 + Level 4.4 Fighting
 * Level 8.5 Short Blades
 + Level 7.7 Dodging
 + Level 9.6 Stealth
 * Level 0.2 Shields
 - Level 6.0 Spellcasting
 * Level 10.1 Hexes
 + Level 2.3 Invocations


You had 8 spell levels left.
You knew the following spells:

 Your Spells              Type           Power      Damage    Failure   Level
e - Ensorcelled Hibernat  Hex/Ice        52%        N/A       3%          2
f - Dazzling Flash        Conj/Hex       52%        N/A       6%          3
q - Tukima's Dance        Hex            46%        N/A       1%          3
t - Confusing Touch       Hex            46%        N/A       1%          3
w - Passwall              Tmut/Erth      5%         N/A       26%         2

Your spell library contained the following spells:

 Spells                   Type           Power      Damage    Failure   Level
 Inner Flame              Hex/Fire       26%        N/A       6%          3
 Foxfire                  Conj/Fire      24%        2x1d5     17%         1
 Conjure Flame            Conj/Fire      6%         6-21      45%         3
 Frozen Ramparts          Ice            12%        1d3       45%         3
 Swiftness                Air            6%         N/A       45%         3
 Flame Wave               Conj/Fire      6%         3d4       86%         4
 Ice Form                 Ice/Tmut       6%         N/A       86%         4
 Summon Ice Beast         Ice/Summ       6%         N/A       86%         4
 Alistair's Intoxication  Tmut/Pois      4%         N/A       99%         5
 Borgnjor's Vile Clutch   Necr/Erth      3%         N/A       99%         5
 Eringya's Noxious Bog    Tmut/Pois      3%         N/A       100%        6


Dungeon Overview and Level Annotations

Branches:
Dungeon (10/15)            Temple (1/1) D:7            Lair (0/6) D:10
    Orc (0/2) D:9          Bailey (1/1)

Altars:
Cheibriados
Dithmenos
Elyvilon
Fedhas
Gozag
Hepliaklqana
Kikubaaqudgha
Makhleb
Nemelex Xobeh
Okawaru
Qazlal
Ru
Sif Muna
Trog
Uskayaw
Vehumet
Xom
The Shining One

Shops:
D:2 (   D:8 *

Annotations:
D:3 Grinder, Sigmund
D:8 exclusion: downstairs
D:9 exclusion: 7 doors
D:10 2 runed translucent doors, SirDiesAlot's ghost, novice MiDe


Innate Abilities, Weirdness & Mutations

You are very small and have problems with some larger weapons.
You are too small for most types of armour.
You have supernaturally acute eyesight. (SInv)
You cover ground extremely quickly. (Speed+++)


Message History

You shoot a stone. The stone barely misses the orc knight.
You hear a splash.
You shoot a stone.
The stone hits the orc knight but does no damage.
You shoot a stone. The stone barely misses the orc knight.
You shoot a stone.
The stone hits the orc knight but does no damage.
The orc knight barely misses you.
Casting: Ensorcelled Hibernation (safe; 3% risk of failure)
Confirm with . or Enter, or press ? or * to list all spells.
Aiming: Ensorcelled Hibernation (safe; 3% risk of failure)
Press: ? - help, Shift-Dir - straight line, f/p - orc knight
Aim: an orc knight, wielding a +0 glaive and wearing a +0 plate armour (chance to affect: 37%)
The orc knight looks drowsy...
You hear the crackle of electricity.
a - a +5 short sword of electrocution (weapon)
The orc knight shouts!
The orc knight hits you from afar with a +0 glaive!!
You block the orc knight's attack.
The orc knight shouts loudly.
The orc knight completely misses you. The orc knight misses you.
Your +5 short sword of electrocution stops crackling.
b - a +0 hunting sling (weapon)
You shoot a stone.
The stone hits the orc knight but does no damage.
You shoot a stone. The stone hits the orc knight.
The orc knight is lightly wounded.
You shoot a stone.
The stone closely misses the orc knight.
You shoot a stone.
The stone closely misses the orc knight.
You shoot a stone.
The stone completely misses the orc knight.
The orc knight hits you from afar with a +0 glaive!!
* * * LOW HITPOINT WARNING * * *
Why would you want to do that?
Unknown command.
The orc knight hits you from afar with a +0 glaive!!
You die...

##.≈≈..#+# . #∩.≈≈((#
∩( #.≈≈.)## ≈....
#.≈..## .≈≈≈§ #.≈.##
...
#.≈)#########(###+## #
#.≈.o......((## ... ##
#.≈≈≈≈≈≈≈≈≈≈((##.∩.##.
#....@.....≈≈(.## ##..
##########..≈≈(.###..≈
##..≈≈.....≈≈
##..≈≈≈≈≈≈≈.
##......... ##########


You could see an orc knight.

Vanquished Creatures
  A hornet (D:8)
  A wyvern (D:9)
  A wraith (D:9)
  Grum (D:9)
  A steam dragon (D:7)
  Menkaure (D:7)
  5 water moccasins
  A sky beast (D:6)
  An orc warrior (Bailey)
  3 black bears
  2 necrophages (D:9)
  3 wolves (D:8)
  2 ogres (D:7)
  4 centaurs
  A kobold brigand (D:8)
  2 scorpions
  A wyvern zombie (D:9)
  A wyvern skeleton (D:7)
  4 killer bees (D:9)
  10 wights
  8 centaur zombies
  3 hounds
  A bullfrog skeleton (D:6)
  A bullfrog zombie (D:5)
  5 orc priests
  A gnoll shaman (D:6)
  A human zombie (D:9)
  5 jellies
  Crazy Yiuf (D:3)
  Jessica (D:3)
  2 iguanas
  8 orc wizards
  2 scorpion zombies (D:5)
  4 howler monkey zombies
  4 gnolls (D:6)
  4 adders
  A shadow imp (D:7)
  An ufetubus (D:7)
  A worm (D:5)
  3 dart slugs
  35 orcs
  10 bats
  3 endoplasms
  4 giant cockroaches
  11 goblins
  7 hobgoblins
  3 jackals (D:3)
  12 kobolds
  A quokka (D:2)
  5 ball pythons
  A frilled lizard (D:1)
  5 rats
200 creatures vanquished.

Vanquished Creatures (collateral kills)
  A wight (D:8)
1 creature vanquished.

Vanquished Creatures (others)
  A wizard (D:4)
  A centaur zombie (D:6)
  3 dancing weapons
  23 fungi
  20 plants
48 creatures vanquished.

Grand Total: 249 creatures vanquished

Notes
Turn   | Place    | Note
-------+----------+-------------------------------------------
     0 | D:1      | orbtoucher the Spriggan Enchanter began the quest for the
                  | Orb.
     0 | D:1      | Reached XP level 1. HP: 9/9 MP: 5/5
   489 | D:1      | Reached XP level 2. HP: 11/13 MP: 6/6
   670 | D:1      | Learned a level 2 spell: Ensorcelled Hibernation
   800 | D:1      | Reached skill level 4 in Hexes
  1739 | D:1      | Reached XP level 3. HP: 17/17 MP: 5/8
  2028 | D:1      | Learned a level 3 spell: Confusing Touch
  2582 | D:2      | Learned a level 3 spell: Tukima's Dance
  2733 | D:2      | Found Saon's Weapon Emporium.
  3185 | D:3      | Reached XP level 4. HP: 20/21 MP: 6/9
  3352 | D:3      | Found a faded altar of an unknown god.
  3388 | D:3      | Noticed Jessica
  3582 | D:3      | Noticed Grinder
  3608 | D:3      | Found a sacrificial altar of Ru.
  3625 | D:3      | Reached skill level 1 in Fighting
  3629 | D:3      | Noticed a black bear
  3636 | D:3      | Killed a black bear
  3637 | D:3      | Reached skill level 5 in Stealth
  3637 | D:3      | Reached XP level 5. HP: 25/25 MP: 7/11
  3747 | D:3      | Noticed Sigmund
  3788 | D:3      | Noticed a water moccasin
  3796 | D:3      | Killed a water moccasin
  3797 | D:3      | Reached skill level 5 in Hexes
  3797 | D:3      | Reached XP level 6. HP: 16/30 MP: 5/12
  3991 | D:3      | Found a runed translucent door.
  3992 | D:3      | Noticed Crazy Yiuf
  4033 | D:3      | Killed Crazy Yiuf
  4370 | D:3      | Killed Jessica
  5550 | D:4      | Learned a level 3 spell: Dazzling Flash
  5852 | D:5      | Entered Level 5 of the Dungeon
  6075 | D:4      | Reached XP level 7. HP: 34/34 MP: 11/14
  6306 | D:4      | Found a bloodstained altar of Trog.
  6307 | D:4      | Noticed a wizard
  6314 | D:4      | Killed a wizard
  6684 | D:5      | Reached skill level 6 in Hexes
  7234 | D:6      | Reached skill level 5 in Short Blades
  7234 | D:6      | Reached skill level 5 in Dodging
  7234 | D:6      | Reached XP level 8. HP: 39/39 MP: 11/16
  7516 | D:6      | Reached skill level 7 in Hexes
  7836 | D:6      | Reached skill level 5 in Spellcasting
  8523 | D:7      | Noticed Menkaure
  8596 | D:7      | Found a staircase to the Ecumenical Temple.
  8763 | Temple   | Entered the Ecumenical Temple
  8800 | Temple   | Became a worshipper of Dithmenos the Shadowed
  9140 | D:7      | Reached skill level 8 in Hexes
  9140 | D:7      | Reached XP level 9. HP: 44/44 MP: 10/18
  9395 | D:7      | Identified the +0 leather armour "Nyhubua" {Str-2 Int+6}
 10914 | D:5      | Reached * piety under Dithmenos
 11125 | D:8      | Found a white marble altar of Elyvilon.
 11384 | D:8      | Reached skill level 9 in Hexes
 11788 | D:8      | Learned a level 2 spell: Passwall
 11807 | D:8      | Found Oggetaid's Elemental Accessories.
 11815 | D:8      | Bought a wand of flame (12) for 91 gold pieces
 11828 | D:7      | Killed Menkaure
 12514 | D:9      | Found a staircase to the Orcish Mines.
 12680 | D:9      | Noticed Grum
 12680 | D:9      | Found a snail-covered altar of Cheibriados.
 12686 | D:9      | HP: 1/45 [Grum (5)]
 12693 | D:9      | Killed Grum
 12694 | D:9      | Reached skill level 1 in Invocations
 13017 | D:9      | Found a shimmering altar of Xom.
 13018 | D:9      | Found a hazy altar of Hepliaklqana.
 13019 | D:9      | Noticed a spectral ugly thing
 13224 | D:8      | Reached XP level 10. HP: 43/49 MP: 12/20
 13413 | D:8      | Found a white marble altar of Elyvilon.
 13710 | D:8      | Found Oggetaid's Elemental Accessories.
 13941 | D:9      | Found an ancient bone altar of Kikubaaqudgha.
 14074 | D:9      | Reached ** piety under Dithmenos
 14341 | D:9      | Noticed a two-headed ogre
 14475 | D:9      | Reached skill level 10 in Hexes
 15153 | D:10     | Entered Level 10 of the Dungeon
 15172 | D:10     | Found a runed translucent gate.
 15172 | D:10     | Found a runed translucent gate.
 15172 | D:10     | Noticed a boulder beetle
 15176 | D:10     | Found an opulent altar of Gozag.
 15176 | D:10     | Noticed a two-headed ogre
 15177 | D:10     | Noticed SirDiesAlot's ghost (novice MiDe)
 15180 | D:10     | Found a blossoming altar of Fedhas.
 15191 | D:10     | Found a flagged portal.
 15203 | Bailey   | Entered a bailey
 15407 | Bailey   | Noticed an orc knight
 15552 | Bailey   | Noticed an orc knight
 15827 | Bailey   | Mangled by an orc knight

Illustrated notes

Levels and vault maps discovered:
D:1:      giann_wishing_wells, layout_loops_ring, kennysheep_nondescript,
          minmay_misc_feat_five, nicolae_figureground_sparkle
D:2:      layout_basic, serial_shops, shop
D:3:      layout_basic, nicolae_overflow_crystal_walls,
          shapermc_ecumenical_altar_mp_ritualfount, uniq_grinder, uniq_jessica,
          uniq_sigmund, uniq_crazy_yiuf_cottage
D:4:      layout_basic, trog_wizard, dk_noncrumbling_2
D:5:      layout_loops_ring, kennysheep_generic_room_3
D:6:      layout_basic
D:7:      layout_loops_cross, minmay_temple_entry_mist, uniq_menkaure
D:8:      layout_basic, elyvilon_altar_5, serial_curves, eino_curves_02,
          eino_curves_01, nicolae_elemental_shop
D:9:      layout_roguey, regret_index_temple_of_mockery, cheibriados_altar_1,
          lemuel_mausoleum_altar_kikubaaqudgha, orc_0_dummy, uniq_grum
D:10:     layout_irregular_city, mainiacjoe_overflow_surrounded_room,
          nicolae_overflow_hidden_temple, due_lair_maze_entry_diamond,
          gammafunk_ghost_split, enter_bailey_3, chequers_decorated_corner,
          minmay_holes
Temple:   compressed_dpeg_triangle_lava_temple
Bailey:   bailey_polearm_1, bailey

Skill      XL: |  1  2  3  4  5  6  7  8  9 10 |
---------------+-------------------------------+-----
Hexes          | 4 5 6 8 9 10 | 10.1
Dodging        | 3 4 5 6 7 |  7.7
Spellcasting   | 3 4 5 6 |  6.0
Short Blades   | 2 3 5 6 7 8 |  8.5
Fighting       | 1 2 3 4 |  4.4
Stealth        | 5 6 7 9 |  9.6
Invocations    | 1 2 |  2.3
Shields        | |  0.2

Action                   |  1- 3 |  4- 6 |  7- 9 | 10-12 || total
-------------------------+-------+-------+-------+-------++-------
Melee: Dagger            |    40 |       |       |       ||    40
       Short sword       |    67 |    42 |   182 |    80 ||   371
 Fire: Hunting sling     |       |       |       |   106 ||   106
 Cast: Ensorcelled Hiber |    23 |    35 |    97 |    17 ||   172
       Confusing Touch   |       |       |    19 |    16 ||    35
       Tukima's Dance    |       |       |     8 |       ||     8
Evoke: Wand              |       |       |     4 |       ||     4
  Use: Scroll            |       |       |    20 |     3 ||    23
 Stab: Sleeping          |    22 |    12 |    54 |    13 ||   101
       Distracted        |     1 |       |       |       ||     1
       Confused          |       |       |    11 |    11 ||    22
Armor: Robe              |    12 |     2 |    24 |     9 ||    47
Dodge: Dodged            |    76 |    20 |   110 |    70 ||   276
Block: Buckler           |       |       |       |     3 ||     3

Table legend: (Time is in decaauts)
 A = Elapsed time spent in this place.
 B = Non-inter-level travel time spent in this place.
 C = Inter-level travel time spent in this place.
 D = Time resting spent in this place.
 E = Time spent auto-exploring this place.
 F = Levels seen in this place.
 G = Mean time per level.
                   A        B        C        D        E       F      G
               +--------+--------+--------+--------+--------+-----+--------+
         Total |  11980 |  11197 |    783 |   4770 |   3627 |  12 |  998.3 |
       Dungeon |  11306 |  10523 |    783 |   4595 |   3499 |  10 | 1130.6 |
        Temple |    150 |    150 |      0 |      0 |    128 |   1 |  150.0 |
        Bailey |    524 |    524 |      0 |    175 |      0 |   1 |  524.0 |
               +--------+--------+--------+--------+--------+-----+--------+

Top non-repeatable levels by time:
     D:1: 1751 daAuts
     D:8: 1464 daAuts
     D:9: 1368 daAuts
     D:7: 1303 daAuts
     D:6: 1262 daAuts
     D:3: 1222 daAuts
     D:5: 1024 daAuts
     D:2: 984 daAuts
     D:4: 892 daAuts
  Bailey: 524 daAuts
  Temple: 150 daAuts
    D:10: 32 daAuts
